 Dungeon Sprint DCSS version 0.31-a0-841-g038b102fc3 (webtiles) character file.

Game seed: 4715489697897372890

49 sircluck the Ruffian (level 3, -4/52 (58) HPs)
             Began as a Troll Berserker on Sept 27, 2023.
             Was a Follower of Trog.
             Slain by a wight
             ... wielding a +0 great sword
              (8 damage)
             ... in the Dungeon (Sprint VII: "The Pits").
             The game lasted 00:00:08 (25 turns).

sircluck the Ruffian (Troll Berserker)                Turns: 25, Time: 00:00:08

HP:   -4/52 (58)    AC:  4    Str: 27    XL:     3   Next: 51%
MP:   2/2           EV: 10    Int:  3    God:    Trog [*.....]
Gold: 0             SH:  0    Dex:  9    Spells: 2/2 levels left

rFire   . .          .
                       - Unarmed
rCold   . . .        (no shield)
rNeg    . . .        a - +0 animal skin
rPois   .            (helmet restricted)
rElec   .            (no cloak)
rCorr   .            (gloves unavailable)
SInv    .            (boots unavailable)
Will    .....        (no amulet) Stlth
                     (no ring)
HPRegen 1.08/turn    (no ring)
MPRegen 0.08/turn

%: no teleportation
@: berserking (expiring), heavily drained, very quick
A: large, unfitting armour, claws 3, regeneration 1, shaggy fur 1, tough skin 1
a: Renounce Religion, Berserk


You were in the Dungeon.
You worshipped Trog.
Trog was aware of your devotion.
You visited 1 branch

Inventory:

Armour
 a - a +0 animal skin (worn)
Scrolls
 g - a scroll of blinking
Potions
 b - a potion of curing
 c - a potion of heal wounds
 d - a potion of haste
 e - 2 potions of magic
 f - a potion of berserk rage


   Skills:
 + Level 4.1 Fighting
 + Level 4.1 Dodging
 + Level 5.0 Unarmed Combat


You had 2 spell levels left.
You didn't know any spells.
Your spell library was empty.

Dungeon Overview and Level Annotations

Branches:
Dungeon (1/1)

Altars:


Innate Abilities, Weirdness & Mutations

You are too large for most types of armour.
You have claws for hands.
Your natural rate of healing is unusually fast.
You are covered in fur. (AC +1)
You have tough skin. (AC +1)


Message History

Your Unarmed Combat skill gained 2 levels and is now at level 5!
You have reached level 2!
You have reached level 3!
Your experience leads to an increase in your attributes!
Increase (S)trength, (I)ntelligence, or (D)exterity?
You feel stronger. x3
Unknown command.
Unknown command.
Unknown command.
Unknown command.
Unknown command.
You claw the wight!
The wight is heavily damaged.
The wight hits you with a +5 long sword!
The wight hits you from afar with a +0 spear.
You feel drained.
You scratch the wight.
The wight is almost destroyed.
You barely miss the wight.
The wight is almost destroyed.
The wight barely misses you.
The wight hits you from afar with a +0 spear.
The wight hits you with a +0 great sword.
You feel drained.
You closely miss the wight.
The wight is almost destroyed.
The wight hits you with a +5 long sword!
You feel drained.
* * * LOW HITPOINT WARNING * * *
The wight hits you from afar with a +0 spear.
* * * LOW HITPOINT WARNING * * *
The wight hits you with a +0 great sword.
* * * LOW HITPOINT WARNING * * *
You barely miss the wight.
The wight is almost destroyed.
You claw the wight!
You destroy the wight!
Trog accepts your kill.
The wight hits you with a +0 great sword!
You die...

#................+
+................+
#......#..#......#
#................#
####'#####''######
#.......##''#####
#.......##......#
#.......##......#
#...<...###.@..##
#.......# ##z)##
#.......# z5{.#
#.......# ..z...#
##########......+
#......# ##....##
##++##


You could see 3 wights and a quasit.

Vanquished Creatures
  2 wights (D)
2 creatures vanquished.

Notes
Turn   | Place    | Note
-------+----------+-------------------------------------------
     0 | D        | sircluck the Troll Berserker began the quest for the Orb.
     0 | D        | Reached XP level 1. HP: 22/22 MP: 0/0
    17 | D        | Noticed a wight
    17 | D        | Noticed a wight
    17 | D        | Noticed a wight
    17 | D        | Noticed a wight
    17 | D        | Noticed a wight
    17 | D        | Noticed a quasit
    17 | D        | Noticed a shadow
    19 | D        | Killed a wight
    20 | D        | Reached skill level 5 in Unarmed Combat
    20 | D        | Reached XP level 2. HP: 32/32 MP: 1/1
    20 | D        | Reached XP level 3. HP: 39/39 MP: 2/2
    25 | D        | Killed a wight
    25 | D        | Slain by a wight

Illustrated notes

Levels and vault maps discovered:
D:        pitsprint [storerooms_1, entrance_room_1, metal_vault_2, armoury_2,
          mini_pit_1, grid_room_1, main_hall_1, silver_pit, the_coven_2,
          the_vestibule_1, steel_vault_1, golden_pit, hallway_of_sentries,
          crystal_vault_5, iron_vault_5, final_vault]

Skill      XL: |  1 |
---------------+----+-----
Fighting       | 4 |  4.1
Dodging        | 4 |  4.1
Unarmed Combat | 5 |  5.0

Action                     || total
---------------------------++-------
  Melee: Unarmed           ||     7
 Invoke: Berserk           ||     1
 Armour: Animal skin       ||    11
  Dodge: Dodged            ||     1

Table legend: (Time is in decaauts)
 A = Elapsed time spent in this place.
 B = Non-inter-level travel time spent in this place.
 C = Inter-level travel time spent in this place.
 D = Time resting spent in this place.
 E = Time spent auto-exploring this place.
 F = Levels seen in this place.
 G = Mean time per level.
                   A        B        C        D        E       F      G
               +--------+--------+--------+--------+--------+-----+--------+
         Total |     22 |     22 |      0 |      0 |     17 |   1 |   22.0 |
       Dungeon |     22 |     22 |      0 |      0 |     17 |   1 |   22.0 |
               +--------+--------+--------+--------+--------+-----+--------+

Top non-repeatable levels by time:
       D: 22 daAuts
